 Dungeon Crawl Stone Soup version 0.27-a0-1181-g5f64966fcc (webtiles) character file.

Game seed: 12650435445787830648

1787 bilbop the Bolt Thrower (level 8, -7/73 HPs)
             Began as a Minotaur Hunter on May 18, 2021.
             Was a Believer of Wu Jian.
             Shot with a sling bullet by Joseph (15 damage)
             ... on level 7 of the Dungeon.
             The game lasted 00:30:06 (6099 turns).

bilbop the Bolt Thrower (Minotaur Hunter)           Turns: 6099, Time: 00:30:07

Health: -7/73      AC: 11    Str: 18    XL:     8   Next: 82%
Magic:  0/7        EV: 11    Int:  8    God:    Wu Jian [**....]
Gold:   422        SH:  0    Dex: 12    Spells: 7/7 levels left

rFire    . . .     SeeInvis .   a - +1 hand crossbow
rCold    . . .     Faith    .   (no shield)
rNeg     . . .     Spirit   +   l - +0 ring mail {Will+}
rPois    .         Reflect  .   (helmet restricted)
rElec    .         Harm     .   f - +0 cloak
rCorr    .         Rampage  .   (no gloves)
Will     +....                  C - +2 pair of boots
Stlth    ++........             h - amulet of guardian spirit
HPRegen  0.22/turn              (no ring)
MPRegen  0.10/turn              (no ring)

@: no status effects
A: horns 2, retaliatory headbutt
a: Renounce Religion, Wall Jump


You were on level 7 of the Dungeon.
You worshipped Wu Jian.
Wu Jian was pleased with you.
You visited 1 branch of the dungeon, and saw 7 of its levels.

You collected 422 gold pieces.

Inventory:

Hand Weapons
 a - a +1 hand crossbow (weapon)
 b - a +0 short sword
 B - a +2 dagger of venom
Missiles
 d - 2 throwing nets
 s - 15 bolts (quivered ammo)
 v - 8 silver javelins
 x - 6 atropa-tipped darts
Armour
 c - a +0 leather armour
 f - a +0 cloak (worn)
 l - a +0 ring mail of willpower (worn)
 C - a +2 pair of boots (worn)
Jewellery
 h - an amulet of guardian spirit (around neck)
Wands
 k - a wand of flame (12)
Scrolls
 e - a scroll of vulnerability {unknown}
 i - 2 scrolls of teleportation {unknown}
 p - 3 scrolls of blinking {unknown}
 q - 3 scrolls of amnesia {unknown}
 r - 3 scrolls of identify {unknown}
 t - 2 scrolls of immolation {unknown}
 u - a scroll of noise {unknown}
 y - a scroll of enchant weapon {unknown}
 A - a scroll of magic mapping {unknown}
Potions
 g - 3 potions of flight {unknown}
 j - 4 potions of curing {unknown}
 m - a potion of berserk rage {unknown}
 n - a potion of heal wounds {unknown}
 o - a potion of might {unknown}
 w - 2 potions of brilliance {unknown}
 z - a potion of ambrosia {unknown}
 D - a potion of degeneration {unknown}
 E - 2 potions of haste {unknown}
 F - a potion of cancellation {unknown}


   Skills:
 + Level 7.2 Fighting
 + Level 7.6 Crossbows
 + Level 6.6 Armour
 - Level 2.1 Dodging
 + Level 5.1 Stealth


You had 7 spell levels left.
You didn't know any spells.
Your spell library was empty.

Dungeon Overview and Level Annotations

Branches:
Dungeon (7/15)             Temple (0/1) D:6

Altars:
Ashenzari
Cheibriados
Dithmenos
Elyvilon
Kikubaaqudgha
Makhleb
Nemelex Xobeh
Okawaru
Sif Muna
Vehumet
Wu Jian

Annotations:
D:7 Joseph


Innate Abilities, Weirdness & Mutations

You have a pair of horns on your head.
You reflexively headbutt those who attack you in melee.


Message History

Joseph unwields a +0 quarterstaff.
Joseph wields a +0 hunting sling.
Joseph shoots a sling bullet.
The sling bullet barely misses you.
You shoot a bolt. The bolt closely misses Joseph.
Joseph shoots a sling bullet.
The sling bullet hits you!
You shoot a bolt. The bolt hits Joseph!
Joseph is lightly wounded.
You shoot a bolt. The bolt hits Joseph!
Joseph is heavily wounded.
Joseph shoots a sling bullet.
The sling bullet hits you.
You shoot a bolt.
The bolt hits Joseph but does no damage.
Joseph is heavily wounded.
Joseph shoots a sling bullet.
The sling bullet hits you!
You shoot a bolt. The bolt hits Joseph.
Joseph is heavily wounded.
Joseph shoots a sling bullet.
The sling bullet barely misses you.
You shoot a bolt.
The bolt hits Joseph but does no damage.
Joseph is heavily wounded.
Joseph shoots a sling bullet.
The sling bullet hits you.
You shoot a bolt. The bolt hits Joseph.
Joseph is heavily wounded.
Joseph shoots a sling bullet.
The sling bullet hits you!!
You are too injured to fight recklessly!
Fire: 17 bolts
Press: ? - help, Q - select action, (/) - cycle Shift-Dir - straight line, f/p - Joseph
Aim: Joseph, wielding a +0 hunting sling, wearing a +2 leather armour of willpower and quivering sling bullets (heavily wounded, 68% to hit)
You shoot a bolt. The bolt barely misses Joseph.
Joseph shoots a sling bullet.
The sling bullet hits you!!
* * * LOW HITPOINT WARNING * * *
Fire: 16 bolts
Press: ? - help, Q - select action, (/) - cycle Shift-Dir - straight line, f/p - Joseph
Aim: Joseph, wielding a +0 hunting sling, wearing a +2 leather armour of willpower and quivering sling bullets (heavily wounded, 68% to hit)
You shoot a bolt.
The bolt hits Joseph but does no damage.
Joseph is heavily wounded.
Joseph shoots a sling bullet.
The sling bullet hits you!
* * * LOW HITPOINT WARNING * * *
Joseph shoots a sling bullet.
The sling bullet hits you!
You die...

## ... ..(. ###### ....#
###### ......
.....##....##### ######
.(.@....@..#.... ####..
####........#######.....
###....<....#)...#.##
#......>.....###.##
#....####......#.#.
#....########......
#....##........>.#.
#....##.......#..#.
#....##.......##.##


You could see Joseph.

Vanquished Creatures
  A komodo dragon (D:7)
  Edmund (D:6)
  2 water moccasins
  2 sky beasts (D:6)
  A hornet zombie (D:6)
  A centaur (D:6)
  2 necrophages
  A scorpion (D:5)
  2 water moccasin skeletons
  A bullfrog zombie (D:7)
  2 hounds
  A centaur skeleton (D:5)
  2 orc priests
  A gnoll shaman (D:6)
  3 iguanas
  A scorpion zombie (D:5)
  A killer bee zombie (D:7)
  A mummy (D:7)
  7 adders
  6 gnolls
  A shadow imp (D:7)
  An adder zombie (D:2)
  3 worms
  2 dart slugs (D:1)
  7 orcs
  An endoplasm (D:2)
  3 giant cockroaches
  9 goblins
  7 hobgoblins
  12 jackals
  13 kobolds
  3 quokkas
  8 ball pythons
  7 bats
  3 frilled lizards
  7 rats
126 creatures vanquished.

Vanquished Creatures (others)
  5 plants (D:1)
5 creatures vanquished.

Grand Total: 131 creatures vanquished

Notes
Turn   | Place    | Note
-------+----------+-------------------------------------------
     0 | D:1      | bilbop the Minotaur Hunter began the quest for the Orb.
     0 | D:1      | Reached XP level 1. HP: 18/18 MP: 0/0
    61 | D:1      | Reached skill level 1 in Stealth
    64 | D:1      | Reached XP level 2. HP: 25/25 MP: 1/1
    68 | D:1      | Reached skill level 1 in Armour
   457 | D:1      | Reached XP level 3. HP: 31/31 MP: 2/2
  1092 | D:2      | Found a faded altar of an unknown god.
  1141 | D:2      | Became a worshipper of the Wu Jian Council
  1141 | D:2      | Reached * piety under Wu Jian
  1227 | D:3      | Reached XP level 4. HP: 32/38 MP: 1/3
  1633 | D:3      | Reached skill level 5 in Crossbows
  2072 | D:4      | Reached XP level 5. HP: 40/46 MP: 4/4
  2089 | D:4      | Reached ** piety under Wu Jian
  2543 | D:4      | Reached XP level 6. HP: 45/52 MP: 5/5
  2721 | D:4      | Found an iron altar of Okawaru.
  2916 | D:4      | Identified the +6 short sword of Beyond {pain, Str+5 Dex-4}
  2933 | D:4      | Found a radiant altar of Vehumet.
  3001 | D:4      | Found a burning altar of Makhleb.
  3036 | D:5      | Entered Level 5 of the Dungeon
  3042 | D:5      | Found a white marble altar of Elyvilon.
  3218 | D:5      | Found a broken altar of Ashenzari.
  3453 | D:5      | Reached XP level 7. HP: 60/60 MP: 6/6
  3520 | D:5      | Reached skill level 5 in Fighting
  4117 | D:6      | Found a staircase to the Ecumenical Temple.
  4163 | D:6      | Found a shimmering blue altar of Sif Muna.
  4169 | D:6      | Reached skill level 5 in Armour
  4538 | D:6      | Reached XP level 8. HP: 41/70 MP: 4/7
  4781 | D:6      | Noticed Edmund
  4788 | D:6      | Killed Edmund
  5072 | D:6      | Found an ornate altar of the Wu Jian Council.
  5074 | D:6      | Found a shadowy altar of Dithmenos.
  5360 | D:7      | Noticed a komodo dragon
  5391 | D:7      | Found a snail-covered altar of Cheibriados.
  5541 | D:7      | Found an ancient bone altar of Kikubaaqudgha.
  5600 | D:7      | Killed a komodo dragon
  5601 | D:7      | Reached skill level 5 in Stealth
  6018 | D:7      | Found a sparkling altar of Nemelex Xobeh.
  6089 | D:7      | Noticed Joseph
  6099 | D:7      | Shot with a sling bullet by Joseph

Illustrated notes

Levels and vault maps discovered:
D:1:      lemuel_arrival_broad_hall, layout_loops_ring, lexackson_kobold_supper
D:2:      layout_rooms, ebering_ecumenical_altar_petrified
D:3:      layout_loops_corners
D:4:      layout_cave_pools, kennysheep_mini, okawaru_gym_becter,
          pf_just_have_faith
D:5:      layout_loops_cross, lemuel_tele_altar, evilmike_ruin_ashenzari,
          kennysheep_generic_room_11
D:6:      layout_basic, nicolae_overflow_hidden_temple,
          overflow_temple_1_default, minmay_temple_entry_statues_pillars,
          chequers_serial_rivers_micro_d, uniq_edmund
D:7:      layout_rooms, lemuel_doored_altar, kennysheep_mini_moat, slow_altar_1,
          uniq_joseph

Skill      XL: |  1  2  3  4  5  6  7  8 |
---------------+-------------------------+-----
Stealth        | 1 2 3 4 5 |  5.1
Armour         | 1 2 3 4 5 6 |  6.6
Fighting       | 3 4 6 7 |  7.2
Crossbows      | 5 6 7 |  7.6
Dodging        | |  2.1

Action                   |  1- 3 |  4- 6 |  7- 9 || total
-------------------------+-------+-------+-------++-------
Melee: Short sword       |     6 |    53 |    27 ||    86
       Headbutt          |     1 |    10 |     5 ||    16
 Fire: Hand crossbow     |   100 |    75 |   122 ||   297
Invok: Whirlwind         |     1 |       |       ||     1
       Lunge             |       |     1 |       ||     1
Armor: Leather armour    |    15 |       |       ||    15
       Ring mail         |       |    18 |    26 ||    44
Dodge: Dodged            |    29 |    42 |    42 ||   113

Table legend: (Time is in decaauts)
 A = Elapsed time spent in this place.
 B = Non-inter-level travel time spent in this place.
 C = Inter-level travel time spent in this place.
 D = Time resting spent in this place.
 E = Time spent auto-exploring this place.
 F = Levels seen in this place.
 G = Mean time per level.
                   A        B        C        D        E       F      G
               +--------+--------+--------+--------+--------+-----+--------+
         Total |   6160 |   5944 |    216 |    848 |   4226 |   7 |  880.0 |
       Dungeon |   6160 |   5944 |    216 |    848 |   4226 |   7 |  880.0 |
               +--------+--------+--------+--------+--------+-----+--------+

Top non-repeatable levels by time:
     D:6: 1324 daAuts
     D:4: 1015 daAuts
     D:5: 943 daAuts
     D:7: 826 daAuts
     D:3: 810 daAuts
     D:1: 751 daAuts
     D:2: 488 daAuts
